Map: Disco Bloodbath LE

Players

Freeman - Winner!

  • Race: Zerg Zerg
  • League: Platinum
  • Spawn Location: 9:00

A.I. 1 (Very Easy)

  • Race: Zerg Zerg
  • Spawn Location: 3:00

VOD

Have the link to the VOD?

Description

Time

  • Played on: Sept. 5, 2019, 4:59 p.m.
  • Length: 3:29
Show
View Real Time Build Order
Export as new Build Order

Freeman Zerg - Winner!

Build Orders: Pool Only 

Get SALT Encoding   

  6  0:00  Drone  
  13  0:09  Drone  
  14  0:24  Extractor  
  13  0:29  Spawning Pool  
  13  0:34  Drone  
  13  0:41  Drone  
  14  1:24  Spine Crawler  
  13  1:26  Spore Crawler  
  13  1:27  Evolution Chamber  
  13  1:30  Zergling x2, Evolution Chamber  
  11  1:37  Zergling x2  
  12  1:41  Zergling x2  
  13  1:49  Zergling x2  
  14  1:57  Overlord  
  14  2:07  Metabolic Boost  
  14  2:16  Zergling x2  
  14  2:20  Zergling x2  
  16  2:38  Zergling x4  
  17  2:47  Zergling x2  
  17  2:49  Queen  
  20  2:59  Overlord  
  20  3:09  Zergling x2  
Show
View Real Time Build Order
Export as new Build Order

A.I. 1 (Very Easy) Zerg 

Build Orders: Hatch First 

Get SALT Encoding   

  6  0:01  Drone  
  13  0:12  Overlord  
  13  0:16  Drone  
  14  0:41  Hatchery  
  13  0:45  Drone  
  14  1:05  Spawning Pool  
  14  1:06  Extractor  
  14  1:08  Drone  
  13  1:16  Drone  
  14  1:22  Overlord  
  14  1:53  Zergling x2, Queen  
  17  1:54  Overlord  
  17  1:55  Zergling x2  
  18  2:02  Drone  
  17  2:10  Drone  
  16  2:17  Zergling x2, Drone  
  17  2:24  Overlord  
  17  2:29  Zergling x2  
  18  2:35  Drone  
  17  2:42  Drone  
  12  2:50  Drone  
  12  2:57  Drone  
Tags
 
Add a new tag
Caveats
  • Supply blocks, unpowered buildings, or Contaminate may cause inaccurate times.
  • Supply counts are checked every 10 seconds.